AoeStats
← TKBXPT2214

African Clearing

505144352Analyzed
3v3 RM · 26d ago on Sep 8, 2026· 48m 13s· 6 players
Game mode
Random Map
Map size
Normal (6 player)
Population
200
Speed
Normal
Resources
Standard
Victory
Conquest
Starting age
Dark Age
Ending age
Imperial Age
RankedLock teamsTeams togetherTeam positionsShared explorationLock speedFull tech treeHidden civsTurbo modeCheats
Victory
Defeat
🇦🇷 Franks · Argentina
1054
+16
🇦🇷 Cumans · Argentina
1017
+18
🇨🇦 Inca · Canada
1014
+18
1090
-18
🇧🇷 Magyars · Brazil
1080
-18
🇧🇷 Turks · Brazil
1015
-16
[GG] Raúl González Blanco
3:21 Loom
13:54 Feudal Age
16:26 Town Watch
17:05 Bloodlines
21:15 Castle Age
20:50 Scale Barding Armor
21:22 Forging
23:41 Chain Barding Armor
27:51 Crossbowman
29:06 Kamandaran
31:37 Iron Casting
32:10 Fletching
33:00 Thumb Ring
35:40 Town Patrol
38:04 Bodkin Arrow
38:09 Padded Archer Armor
39:54 Horse Collar
40:01 Double-Bit Axe
40:50 Husbandry
42:17 Leather Archer Armor
46:24 Imperial Age
[GG] Ibrahimovic
12:49 Loom
20:58 Feudal Age
23:41 Double-Bit Axe
23:39 Horse Collar
29:17 Castle Age
27:55 Fletching
28:53 Scale Mail Armor
31:31 Bodkin Arrow
31:42 Padded Archer Armor
32:00 Chain Mail Armor
38:40 Imperial Age
37:35 Padded Archer Armor
42:00 Town Watch
42:29 Bow Saw
43:15 Wheelbarrow
43:55 Leather Archer Armor
46:07 Forging
48:03 Squires
[GG] Trezeguet
12:20 Feudal Age
11:33 Loom
18:24 Castle Age
25:26 Double-Bit Axe
25:31 Horse Collar
26:37 Corvinian Army
27:25 Bloodlines
33:58 Scale Barding Armor
34:02 Heavy Plow
34:25 Scale Mail Armor
35:45 Chain Mail Armor
35:34 Husbandry
35:31 Light Cavalry
36:41 Chain Barding Armor
42:03 Bow Saw
45:31 Imperial Age
43:09 Gold Mining
davidAOE
5:37 Loom
14:10 Feudal Age
17:55 Double-Bit Axe
19:27 Horse Collar
22:31 Gold Mining
27:27 Castle Age
26:21 Bloodlines
27:11 Stone Mining
28:00 Forging
27:55 Scale Barding Armor
28:38 Scale Mail Armor
29:25 Pikeman
34:58 Steppe Husbandry
35:11 Heavy Plow
41:01 Imperial Age
39:37 Wheelbarrow
40:18 Bow Saw
41:17 Iron Casting
41:02 Chain Barding Armor
41:29 Chain Barding Armor
42:28 Elite Steppe Lancer
48:20 Blast Furnace
47:38 Hand Cart
47:12 Town Watch
TKBXPT2214
7:37 Loom
15:34 Feudal Age
16:55 Wheelbarrow
16:23 Double-Bit Axe
22:13 Castle Age
20:30 Gold Mining
21:58 Forging
21:54 Scale Barding Armor
23:09 Hand Cart
23:00 Husbandry
30:25 Iron Casting
33:31 Fervor
33:29 Devotion
34:18 Stone Mining
35:04 Gold Shaft Mining
36:55 Bow Saw
39:01 Chain Barding Armor
44:40 Imperial Age
44:45 Cavalier
46:28 Blast Furnace
46:04 Plate Barding Armor
46:39 Paladin
hubert.onraet
9:03 Loom
13:34 Feudal Age
14:31 Double-Bit Axe
16:58 Horse Collar
20:50 Castle Age
21:57 Scale Mail Armor
27:02 Heavy Plow
27:27 Bow Saw
33:03 Stone Mining
33:15 Fletching
36:13 Chain Mail Armor
36:38 Gold Mining
37:42 Squires
38:01 Forging
37:47 Bodkin Arrow
37:54 Padded Archer Armor
40:07 Iron Casting
46:12 Imperial Age
46:23 Leather Archer Armor
47:33 Conscription
47:14 Fabric Shields
47:45 Plate Mail Armor
48:15 Blast Furnace
47:22 Arson
46:57 Pikeman
Connection lost

Rejoining the realm…

Still unreachable

The connection could not be restored.

Session expired

The server has moved on; the page needs a fresh start.